 Dungeon Crawl Stone Soup version 0.18.1-48-g4cf74bf (webtiles) character file.

1056 Inkary the Cleaver (level 8, -5/106 HPs)
             Began as a Hill Orc Gladiator on Aug 30, 2016.
             Killed by divine providence
             ... invoked by an orc priest
              (10 damage)
             ... on level 5 of the Dungeon.
             The game lasted 00:06:44 (3875 turns).

Inkary the Cleaver (Hill Orc Gladiator)             Turns: 3875, Time: 00:06:45

Health: -5/106     AC: 24    Str: 18    XL:     8   Next: 26%
Magic:  8/8        EV:  2    Int:  8    God:
Gold:   162        SH:  0    Dex: 13    Spells: 0 memorised, 7 levels left

rFire  . . .     SeeInvis .     a - +0 war axe
rCold  . . .     Gourm    +     (armour currently unavailable)
rNeg   + + +     Faith    .     (no shield)
rPois  +         Spirit   .     (helmet currently unavailable)
rElec  .         Dismiss  .     (cloak currently unavailable)
rCorr  .         Reflect  .     (gloves currently unavailable)
SustAt .         Harm     .     (boots currently unavailable)
MR     .....     NoTele   +     r - amulet of the gourmand
Stlth  +.........               (no ring)
                                (no ring)

@: tree-form, not resistant to hostile enchantments, very unstealthy
A: no striking features
a: Convert to Beogh


You were on level 5 of the Dungeon.
You were very full.
You were a tree.
You visited 1 branch of the dungeon, and saw 5 of its levels.

You collected 162 gold pieces.

Inventory:

Hand Weapons
 a - a +0 war axe (weapon)
 s - a +2 whip of venom
Missiles
 d - 3 throwing nets (quivered)
Armour
 b - a +0 leather armour (melded)
 c - a +0 helmet (melded)
 e - a +0 pair of boots (melded)
Jewellery
 o - an uncursed ring of protection from cold {unknown}
 r - an amulet of the gourmand (around neck)
 B - a cursed ring of teleportation {unknown}
Wands
 x - a wand of slowing (17/48)
Scrolls
 k - 2 scrolls of blinking {unknown}
 m - a scroll of amnesia {unknown}
 p - 3 scrolls of identify {unknown}
 q - a scroll of fog {unknown}
 t - a scroll of immolation {unknown}
 v - a scroll of enchant armour {unknown}
 w - a scroll of remove curse {unknown}
 y - a scroll of noise {unknown}
Potions
 h - a potion of lignification
 j - a potion of brilliance {unknown}
 n - a potion of flight {unknown}
 z - a potion of degeneration {unknown}
Books
 l - a book of Necromancy

   Spells                             Type                      Level
   a - Pain                           Necromancy                   1
   b - Animate Skeleton               Necromancy                   1
   c - Vampiric Draining              Necromancy                   3
   d - Regeneration                   Charms/Necromancy            3
   e - Animate Dead                   Necromancy                   4
   f - Control Undead                 Necromancy                   4
Comestibles
 f - 3 bread rations
 g - 2 meat rations
 i - 2 fruits


   Skills:
 + Level 6.7 Fighting
 + Level 8.2 Axes
 - Level 1.7 Throwing
 + Level 1.0 Armour
 - Level 5.0 Dodging


You had 7 spell levels left.
You didn't know any spells.

Dungeon Overview and Level Annotations

Branches:
Dungeon (5/15)
 Temple: D:4-7

Altars:
Cheibriados
Xom

Annotations:
D:5 Grinder


Message History

Your +0 leather armour melds into your body.
Your roots penetrate the ground.
The orc hits you but does no damage.
You slash the orc!
You kill the orc!
You hit the orc priest.
The orc priest is moderately wounded.
The orc priest hits you but does no damage.
You closely miss the orc priest.
The orc priest is moderately wounded.
The orc priest shouts, "Join the one true god or die!"
The orc priest hits you but does no damage.
You hit the orc priest but do no damage.
The orc priest is moderately wounded.
The orc priest casts a cantrip, but nothing happens.
An orc comes into view. It is wielding a dagger.
You hit the orc priest but do no damage.
The orc priest is moderately wounded.
The orc priest invokes the aid of Beogh against you.
Beogh smites you!
You die...

.#.##.....# #.#
..... .## #.#
...... #.# ......
#.# ...... #.####
###.#. #....#### .
.. #.......# ##
### #.##.##.# .
#<# #♣# .#
.a..####)####o## #
#ooo........5...#
...#####..###?##.#
.......o. ..
##..#.#.# ##
#..#.#.# ...# #.#
.... ..#


You could see Grinder, an orc priest and an orc.

Vanquished Creatures
  The ghost of Inkary the Skirmisher, an amateur HOFi (D:3)
  Edmund (D:4)
  An ogre (D:5)
  A giant frog (D:5)
  A scorpion (D:4)
  A crimson imp (D:5)
  A quasit (D:5)
  2 hounds
  3 orc priests (D:5)
  2 orc wizards (D:5)
  Natasha (thrice) (D:4)
  An iguana (D:4)
  4 worker ants (D:4)
  6 adders
  An ooze (D:1)
  An adder skeleton (D:4)
  6 dart slugs
  A giant gecko (D:1)
  6 orcs
  A ball python (D:1)
  4 giant cockroaches
  7 goblins
  5 hobgoblins
  4 jackals (D:4)
  4 quokkas
  2 bats (D:2)
  2 giant newts
  5 kobolds
  5 rats
82 creatures vanquished.

Notes
Turn   | Place    | Note
--------------------------------------------------------------
     0 | D:1      | Inkary the Hill Orc Gladiator began the quest for the Orb.
     0 | D:1      | Reached XP level 1. HP: 18/18 MP: 1/1
    48 | D:1      | Reached XP level 2. HP: 23/25 MP: 2/2
   391 | D:1      | Reached XP level 3. HP: 27/30 MP: 3/3
  1088 | D:2      | Reached skill level 5 in Axes
  1327 | D:3      | Reached XP level 4. HP: 31/38 MP: 4/4
  1355 | D:3      | Noticed Inkary's ghost (amateur HOFi)
  1892 | D:4      | Found a shimmering altar of Xom.
  1904 | D:4      | Reached XP level 5. HP: 22/46 MP: 5/5
  2334 | D:4      | Reached XP level 6. HP: 36/53 MP: 6/6
  2379 | D:4      | Reached skill level 6 in Axes
  2383 | D:4      | Found a snail-covered altar of Cheibriados.
  2414 | D:4      | Noticed Natasha
  2421 | D:4      | Killed Natasha
  2514 | D:4      | Noticed Edmund
  2532 | D:4      | Noticed Natasha
  2536 | D:4      | Killed Edmund
  2536 | D:4      | Reached skill level 5 in Fighting
  2551 | D:3      | Reached XP level 7. HP: 24/61 MP: 7/7
  2579 | D:4      | Killed Natasha
  2637 | D:4      | Noticed Natasha
  2662 | D:5      | Entered Level 5 of the Dungeon
  2958 | D:4      | Killed Natasha
  2958 | D:4      | Reached skill level 7 in Axes
  3218 | D:5      | Noticed Grinder
  3221 | D:5      | Paralysed by Grinder for 2 turns
  3626 | D:3      | Killed Inkary's ghost
  3626 | D:3      | Reached skill level 5 in Dodging
  3626 | D:3      | Reached XP level 8. HP: 40/71 MP: 8/8
  3793 | D:5      | Reached skill level 8 in Axes
  3869 | D:5      | Reached skill level 1 in Armour
  3869 | D:5      | HP: 3/71 [orc priest/divine providence (13)]
  3875 | D:5      | Killed from afar by an orc priest

Skill      XL: |  1  2  3  4  5  6  7  8 |
---------------+-------------------------+-----
Fighting       | 3 4 5 6 |  6.7
Axes           | 5 6 7 8 |  8.2
Dodging        | 3 4 5 |  5.0
Armour         | 1 |  1.0
Throwing       | |  1.7

Action                   |  1- 3 |  4- 6 |  7- 9 || total
-------------------------+-------+-------+-------++-------
Melee: War axe           |    81 |       |    53 ||   134
       Whip              |    14 |    93 |    81 ||   188
  Use: Potion            |       |     1 |     3 ||     4
  Eat: Chunk             |     5 |    12 |     3 ||    20
Armor: Leather armour    |    44 |    25 |    33 ||   102
       Skin              |       |       |     3 ||     3
Dodge: Dodged            |    70 |    54 |    77 ||   201
